[Event "Titled Tuesday Blitz October 18 Late 2022"]
[White "Rose, Felix"]
[Black "Vujic, Mihailo"]
[WhiteFideId "5105722"]
[BlackFideId "918873"]
[WhiteElo "2039"]
[BlackElo "2256"]
[Result "0-1"]
[Round "11"]
[TimeControl "180+1"]
[Date "2022.10.19"]
[WhiteClock "0:00:33"]
[BlackClock "0:02:06"]

1. e4 e5 2. Nf3 Nc6 3. Bb5 f5 4. d3 fxe4 5. dxe4 Nf6 6. Nc3 Bc5 7. Bc4 d6 8. O-O Bg4 9. h3 Bh5 10. Bg5 Nd4 11. g4 Bg6 12. Re1 h5 13. Nh4 Bf7 14. Bxf7+ Kxf7 15. Qd3 hxg4 16. hxg4 Ne6 17. Qc4 Bxf2+ 18. Kxf2 Nxg4+ 19. Kg3 Qxg5 20. Rf1+ Nf6+ 0-1


[Site "https://www.chess.com"]

[Event "Titled Tuesday Blitz October 18 Late 2022"]
[White "Sadhwani, Raunak"]
[Black "Galchenko, Matvey"]
[WhiteFideId "35093487"]
[BlackFideId "24175480"]
[WhiteElo "2656"]
[BlackElo "2423"]
[Result "1-0"]
[Round "11"]
[TimeControl "180+1"]
[Date "2022.10.18"]
[WhiteClock "0:01:33"]
[BlackClock "0:00:52"]

1. Nf3 d5 2. b3 Bf5 3. Bb2 e6 4. e3 Nd7 5. d4 Ngf6 6. Bd3 Bd6 7. c4 c6 8. O-O O-O 9. Nc3 Bg6 10. Qe2 Qe7 11. e4 dxc4 12. bxc4 e5 13. d5 Nh5 14. g3 Nc5 15. Bc2 Nf6 16. Nh4 Rfe8 17. Rad1 Rad8 18. Nxg6 hxg6 19. Kg2 Qc7 20. h4 Qb6 21. Bc1 Qa6 22. Bg5 Be7 23. Bb3 cxd5 24. Bxf6 Bxf6 25. Nxd5 Ne6 26. Qg4 Qc6 27. h5 Nf8 28. hxg6 Nxg6 29. c5 Kf8 30. Rh1 Be7 31. Qh5 Rxd5 32. Qh8+ 1-0


[Site "https://www.chess.com"]

[Event "Titled Tuesday Blitz October 18 Late 2022"]
[White "Sailer, Mike"]
[Black "Torres Boch, Jose Francisco"]
[WhiteFideId "2012901"]
[BlackFideId "2278383"]
[WhiteElo "2109"]
[BlackElo "2073"]
[Result "1-0"]
[Round "11"]
[TimeControl "180+1"]
[Date "2022.10.19"]
[WhiteClock "0:01:43"]
[BlackClock "0:02:25"]

1. d4 Nf6 2. Bf4 e6 3. Nc3 Bb4 4. e3 Ne4 5. Ne2 c5 6. f3 Nxc3 7. bxc3 Ba5 8. dxc5 O-O 9. Bd6 Re8 10. g3 b6 11. Bg2 Na6 12. f4 Nc7 13. Bxc7 Qxc7 14. Bxa8 d5 15. c6 Ba6 16. Bb7 Bxb7 17. cxb7 Bxc3+ 18. Nxc3 Qxc3+ 19. Kf2 e5 20. Qd3 Qc6 21. fxe5 Rxe5 22. b8=Q+ 1-0


[Site "https://www.chess.com"]

[Event "Titled Tuesday Blitz October 18 Late 2022"]
[White "Sala, Giulia"]
[Black "Harish, Neeraj"]
[WhiteFideId "2840451"]
[BlackFideId "30958130"]
[WhiteElo "1769"]
[BlackElo "1815"]
[Result "1-0"]
[Round "11"]
[TimeControl "180+1"]
[Date "2022.10.19"]
[WhiteClock "0:00:20"]
[BlackClock "0:00:01"]

1. f4 d5 2. Nf3 c5 3. g3 Nc6 4. Bg2 Nf6 5. O-O g6 6. d3 Bg7 7. Qe1 d4 8. e4 dxe3 9. Bxe3 Nd4 10. Nxd4 cxd4 11. Bd2 O-O 12. Na3 Rb8 13. Nc4 b6 14. Ne5 Bb7 15. Bxb7 Rxb7 16. Qf2 Rc7 17. Bb4 Nd5 18. Ba3 Ne3 19. Rfc1 Qd5 20. Nf3 Rfc8 21. c4 Qd7 22. Re1 e6 23. Bb4 a5 24. Ba3 a4 25. Bb4 b5 26. b3 bxc4 27. bxc4 Rb7 28. a3 Qc6 29. h3 Rd8 30. Kh2 h5 31. Rac1 Qc7 32. Re2 Qc6 33. Ng5 f6 34. Ne4 e5 35. Nc5 Rbb8 36. fxe5 fxe5 37. Rxe3 dxe3 38. Qxe3 Rd4 39. Qg5 Rbd8 40. Rf1 Bf8 41. Rf6 Qd7 42. Rxg6+ Bg7 43. Ne6 Rxd3 44. Rxg7+ Qxg7 45. Qxg7# 1-0


[Site "https://www.chess.com"]

[Event "Titled Tuesday Blitz October 18 Late 2022"]
[White "Sanchez, Robert"]
[Black "Golubev, Mikhail"]
[WhiteFideId "2034360"]
[BlackFideId "14100983"]
[WhiteElo "2389"]
[BlackElo "2374"]
[Result "1/2-1/2"]
[Round "11"]
[TimeControl "180+1"]
[Date "2022.10.19"]
[WhiteClock "0:00:07"]
[BlackClock "0:00:05"]

1. Nf3 d6 2. e3 g6 3. c4 Bg7 4. Nc3 e5 5. Be2 Nf6 6. d3 O-O 7. O-O c6 8. b3 Re8 9. Bb2 d5 10. cxd5 cxd5 11. Rc1 Nc6 12. Na4 Nd7 13. Nd2 Qe7 14. Bf3 Nf6 15. e4 d4 16. Nc5 b6 17. Na4 Bd7 18. a3 Reb8 19. Qe2 Na5 20. Rc7 Qd6 21. Rfc1 Bc6 22. R7xc6 Nxc6 23. Nc4 Qd8 24. Nd2 Qd7 25. h3 Na5 26. Qd1 Rc8 27. b4 Rxc1 28. Bxc1 Nb7 29. Qb3 b5 30. Nc5 Nxc5 31. bxc5 a5 32. a4 bxa4 33. Qc4 Rc8 34. Ba3 Bf8 35. g4 Qb7 36. g5 Nd7 37. Bg4 Bxc5 38. Bxd7 Qxd7 39. Bxc5 Qxh3 40. Qd5 Qxd3 41. Nc4 a3 42. Nd6 Qd1+ 43. Kg2 Qg4+ 44. Kf1 Rb8 45. Qxf7+ Kh8 46. Qf6+ Kg8 47. Qf7+ Kh8 48. Qf6+ Kg8 49. Qf7+ 1/2-1/2


[Site "https://www.chess.com"]

[Event "Titled Tuesday Blitz October 18 Late 2022"]
[White "Sargsyan, Anna M."]
[Black "Fajdetic, Hrvoje"]
[WhiteFideId "13308130"]
[BlackFideId "14501945"]
[WhiteElo "2284"]
[BlackElo "2172"]
[Result "1-0"]
[Round "11"]
[TimeControl "180+1"]
[Date "2022.10.18"]
[WhiteClock "0:00:27"]
[BlackClock "0:00:08"]

1. d4 e6 2. c4 f5 3. Nc3 Nf6 4. Bg5 Bb4 5. Rc1 O-O 6. e3 d6 7. Nf3 Qe8 8. Bxf6 Rxf6 9. a3 Bxc3+ 10. Rxc3 Nc6 11. Be2 e5 12. O-O e4 13. Nd2 f4 14. d5 f3 15. gxf3 exf3 16. Bxf3 Ne5 17. Bg2 Qg6 18. e4 Bg4 19. Qb3 Nf3+ 20. Nxf3 Bxf3 21. Rxf3 Rxf3 22. Qxf3 Rf8 23. Qg3 Qf6 24. b4 Qd4 25. Kh1 Qxc4 26. Rg1 Rf7 27. f4 Re7 28. f5 Qd4 29. h3 Qf6 30. Bf3 Re5 31. Qg5 Qf8 32. Qh4 Kh8 33. Rg5 c6 34. dxc6 bxc6 35. Rg2 d5 36. Rd2 g6 37. Kg2 gxf5 38. exd5 Qg8+ 39. Qg3 Qxg3+ 40. Kxg3 cxd5 41. Rxd5 Re3 42. a4 Rb3 43. b5 f4+ 44. Kxf4 Rb4+ 45. Be4 Rxa4 46. Rd7 Ra5 47. Rxh7+ Kg8 48. Rb7 Kf8 49. h4 Kg8 50. h5 Kf8 51. h6 Kg8 52. h7+ Kh8 53. Rb8+ Kg7 54. h8=Q+ Kf7 55. Rf8+ Ke7 56. Qf6+ Kd7 57. Rd8+ Kc7 58. Qd6# 1-0


[Site "https://www.chess.com"]

[Event "Titled Tuesday Blitz October 18 Late 2022"]
[White "Shapiro, Daniel"]
[Black "Yano, William Jorge Froes"]
[WhiteFideId "2001780"]
[BlackFideId "2112949"]
[WhiteElo "2225"]
[BlackElo "2122"]
[Result "1/2-1/2"]
[Round "11"]
[TimeControl "180+1"]
[Date "2022.10.19"]
[WhiteClock "0:00:02"]
[BlackClock "0:00:14"]

1. d4 Nf6 2. c4 c5 3. d5 b5 4. cxb5 a6 5. e3 g6 6. Nc3 d6 7. a4 Bg7 8. h3 O-O 9. Nf3 Ne8 10. Ra3 axb5 11. Bxb5 Nc7 12. Bc4 Ba6 13. Qd3 Nd7 14. e4 Nb6 15. Bxa6 Nxa6 16. Bf4 Nb4 17. Qe2 f6 18. O-O Ra5 19. Rc1 Qa8 20. b3 Qa6 21. Qxa6 Rxa6 22. Nd2 Rfa8 23. Be3 Ra5 24. Nc4 Nxc4 25. bxc4 Nd3 26. Rc2 Ne5 27. Rb3 Nxc4 28. Bc1 Kf7 29. Rb7 R8a7 30. Rb8 f5 31. exf5 gxf5 32. Bg5 Nb2 33. Rbxb2 Bxc3 34. Rxc3 Rxa4 35. Re3 Rd4 36. Rbe2 Rxd5 37. Rxe7+ Rxe7 38. Rxe7+ Kg6 39. Bf4 Rd4 40. g3 d5 41. Rc7 c4 42. Be5 Rd3 43. Kf1 h5 44. h4 Rd2 45. Rg7+ Kh6 46. Rg8 Rd3 47. Rg5 c3 48. Rxf5 c2 49. Bf4+ Kg6 50. Re5 Rd1+ 51. Ke2 c1=Q 52. Bxc1 Rxc1 53. Rxd5 Rc4 54. Kf3 Rc2 55. Rg5+ Kh6 56. Ke3 Rc3+ 57. Ke4 Rc4+ 58. Kf5 Rc5+ 59. Kf4 Rc4+ 60. Kf3 Rc3+ 61. Kg2 Rc2 62. Ra5 Rb2 63. Ra6+ Kg7 64. Kf3 Rb3+ 65. Kf4 Rb4+ 66. Kf5 Rb5+ 67. Kf4 Rb4+ 68. Ke3 Rb3+ 69. Ke4 Rb4+ 70. Ke3 Rb3+ 71. Kd4 Rb4+ 72. Ke3 1/2-1/2


[Site "https://www.chess.com"]

[Event "Titled Tuesday Blitz October 18 Late 2022"]
[White "Shuvalov, Evgenij"]
[Black "Zierk, Steven"]
[WhiteFideId "4187237"]
[BlackFideId "2034255"]
[WhiteElo "2049"]
[BlackElo "2494"]
[Result "0-1"]
[Round "11"]
[TimeControl "180+1"]
[Date "2022.10.18"]
[WhiteClock "0:01:10"]
[BlackClock "0:01:27"]

1. d4 d5 2. c4 c6 3. Nc3 Nf6 4. Nf3 e6 5. cxd5 exd5 6. Bg5 Be7 7. Qc2 g6 8. e3 Bf5 9. Bd3 Bxd3 10. Qxd3 Nbd7 11. O-O O-O 12. h3 Re8 13. Bh6 a5 14. Ne5 Nxe5 15. dxe5 Nd7 16. f4 Bf8 17. Bg5 Nxe5 18. Qd4 f6 19. fxe5 fxg5 20. e4 Bg7 21. exd5 Bxe5 22. Qc4 Qb6+ 23. Kh1 Qb4 24. Qd3 Qxb2 25. Ne4 Qd4 26. Qf3 Rf8 27. Qe2 Qxd5 28. Rad1 Rxf1+ 29. Rxf1 Rf8 30. Rxf8+ Kxf8 31. Nxg5 Kg7 32. Nf3 Bf6 33. a4 b5 34. axb5 cxb5 35. Qc2 a4 36. Qc7+ Qf7 37. Qa5 Qd7 38. Nd2 a3 39. Ne4 Qd1+ 40. Kh2 Be5+ 41. g3 Qe2+ 42. Kh1 Qxe4+ 43. Kh2 Qe2+ 44. Kh1 Qf3+ 45. Kg1 Bd4+ 46. Kh2 Qf2+ 47. Kh1 Qg1# 0-1


[Site "https://www.chess.com"]

[Event "Titled Tuesday Blitz October 18 Late 2022"]
[White "Storey, Charles H"]
[Black "Tomaszewski, Kacper"]
[WhiteFideId "406686"]
[BlackFideId "1127373"]
[WhiteElo "2252"]
[BlackElo "2211"]
[Result "0-1"]
[Round "11"]
[TimeControl "180+1"]
[Date "2022.10.19"]
[WhiteClock "0:00:01"]
[BlackClock "0:00:14"]

1. c4 f5 2. g3 Nf6 3. Bg2 g6 4. Nh3 Bg7 5. d4 O-O 6. Nc3 d6 7. d5 c6 8. Nf4 Qe8 9. Be3 Bd7 10. O-O Na6 11. a3 Nc7 12. Rc1 a5 13. b4 axb4 14. axb4 Na6 15. dxc6 bxc6 16. b5 Nb4 17. Qb3 c5 18. Bxa8 Qxa8 19. Ncd5 Nfxd5 20. Nxd5 Nxd5 21. cxd5 Rb8 22. b6 Ba4 23. Qb1 Qa6 24. Qa2 Rxb6 25. Rb1 Rb4 26. Bxc5 dxc5 27. d6+ Kf8 28. dxe7+ Kxe7 29. Qg8 Qf6 30. Rxb4 cxb4 31. Rc1 Bd7 32. Rc7 b3 33. Qd5 Qd6 34. Qb7 b2 35. Kg2 b1=Q 36. Rxd7+ Qxd7 37. Qxb1 Qd5+ 38. f3 Be5 39. Qb4+ Bd6 40. Qh4+ Kf8 41. Qxh7 Qf7 42. Qh4 Ke8 43. Qa4+ Qd7 44. Qc4 Kf8 45. Qd5 Qe7 46. e4 fxe4 47. fxe4 Be5 48. h4 Kg7 0-1


[Site "https://www.chess.com"]

[Event "Titled Tuesday Blitz October 18 Late 2022"]
[White "Tan, Ralph"]
[Black "Domingo Nunez, Ruben"]
[WhiteFideId "30966590"]
[BlackFideId "22245570"]
[WhiteElo "2059"]
[BlackElo "2406"]
[Result "0-1"]
[Round "11"]
[TimeControl "180+1"]
[Date "2022.10.19"]
[WhiteClock "0:00:10"]
[BlackClock "0:00:15"]

1. Nf3 g6 2. g3 Bg7 3. d4 d6 4. Bg2 Nf6 5. O-O O-O 6. c4 Nbd7 7. Nc3 c6 8. b3 c5 9. Bb2 Rb8 10. Rc1 a6 11. Re1 b5 12. cxb5 axb5 13. e4 b4 14. Na4 cxd4 15. Nxd4 Bb7 16. Nc6 Bxc6 17. Rxc6 Qa5 18. Qc2 h5 19. h3 h4 20. g4 Ne5 21. Bxe5 Qxe5 22. Qd2 g5 23. Qd3 Nd7 24. Rec1 Qf6 25. Qe2 Ne5 26. Rc7 Ng6 27. Rd7 Nf4 28. Qf3 Rfc8 29. Rcc7 Qa1+ 30. Bf1 Rxc7 31. Rxc7 Bf6 32. Rc2 Qb1 33. Rd2 Rc8 34. Rd1 Qxa2 35. Nb6 Rc3 36. Qh1 Qxb3 37. Nd5 Qxd1 38. Nxf4 gxf4 39. Qg2 f3 40. Qh2 Qxf1+ 41. Kxf1 Rc1# 0-1


[Site "https://www.chess.com"]

[Event "Titled Tuesday Blitz October 18 Late 2022"]
[White "Ter-Sahakyan, Samvel"]
[Black "Gorodetzky, David"]
[WhiteFideId "13302531"]
[BlackFideId "2813416"]
[WhiteElo "2604"]
[BlackElo "2487"]
[Result "1-0"]
[Round "11"]
[TimeControl "180+1"]
[Date "2022.10.18"]
[WhiteClock "0:00:28"]
[BlackClock "0:00:01"]

1. e4 e5 2. Nf3 Nc6 3. Bb5 Nge7 4. Nc3 Ng6 5. h4 Nd4 6. h5 Nf4 7. Nxd4 exd4 8. Qf3 Ne6 9. Ne2 Be7 10. d3 Bg5 11. Bxg5 Qxg5 12. Bc4 Qa5+ 13. Kf1 d6 14. h6 g6 15. Nxd4 Qe5 16. c3 O-O 17. Qe3 Bd7 18. g3 Rae8 19. Re1 a5 20. a3 c5 21. Nf3 Qf6 22. e5 dxe5 23. Nxe5 Bc8 24. Ng4 Qf5 25. Qe5 Qxe5 26. Rxe5 Rd8 27. Nf6+ Kh8 28. Kg2 b6 29. Rhe1 Rd6 30. Kf1 Rfd8 31. Ne4 Rc6 32. Ng5 Kg8 33. Nxe6 fxe6 34. Bxe6+ Bxe6 35. Rxe6 1-0


[Site "https://www.chess.com"]

[Event "Titled Tuesday Blitz October 18 Late 2022"]
[White "Thomforde-Toates, Noah"]
[Black "Bilan, Danila"]
[WhiteFideId "30951992"]
[BlackFideId "24161918"]
[WhiteElo "2677"]
[BlackElo "2203"]
[Result "1-0"]
[Round "11"]
[TimeControl "180+1"]
[Date "2022.10.18"]
[WhiteClock "0:00:43"]
[BlackClock "0:00:03"]

1. d4 d5 2. Nc3 Nf6 3. Bf4 Bf5 4. e3 e6 5. f3 Bd6 6. Nge2 Nc6 7. g4 Bg6 8. h4 h5 9. g5 Ng8 10. Bxd6 cxd6 11. Nf4 Bf5 12. e4 dxe4 13. fxe4 Bg4 14. Be2 Bxe2 15. Ncxe2 Qa5+ 16. c3 g6 17. O-O Nge7 18. Ng3 O-O-O 19. a4 e5 20. b4 Qb6 21. Nd5 Nxd5 22. exd5 Ne7 23. Rxf7 Nxd5 24. Qf3 Nf4 25. a5 Qa6 26. b5 Qxb5 27. a6 Rd7 28. c4 Qb6 29. axb7+ Qxb7 30. Qxb7+ Rxb7 31. Rxa7 Rxf7 32. Rxf7 exd4 33. Rxf4 1-0


[Site "https://www.chess.com"]

[Event "Titled Tuesday Blitz October 18 Late 2022"]
[White "Timmermans, Mark"]
[Black "Galaktionov, Artem"]
[WhiteFideId "1026399"]
[BlackFideId "24175471"]
[WhiteElo "2460"]
[BlackElo "2278"]
[Result "1/2-1/2"]
[Round "11"]
[TimeControl "180+1"]
[Date "2022.10.18"]
[WhiteClock "0:00:48"]
[BlackClock "0:00:30"]

1. b4 c6 2. Bb2 d6 3. c4 Nf6 4. a4 a5 5. b5 g6 6. e3 Bg7 7. Nf3 O-O 8. Be2 Re8 9. d4 Bf5 10. O-O Nbd7 11. Nc3 e5 12. Rc1 h5 13. Qb3 Qc7 14. Rfd1 e4 15. Nd2 h4 16. Ba3 g5 17. b6 Nxb6 18. Bxd6 Qxd6 19. Qxb6 Qb4 20. c5 Qxb6 21. cxb6 Bf8 22. Nc4 Bb4 23. Na2 Be7 24. Nc3 Red8 25. Ne5 Be6 26. f3 exf3 27. gxf3 Rac8 28. Ne4 Nxe4 29. fxe4 f6 30. Bc4 Bxc4 31. Nxc4 Bb4 32. Kf2 Re8 33. Rb1 Rxe4 34. Rxb4 axb4 35. Nd6 Ree8 36. Nxc8 Rxc8 37. Rb1 Kf7 38. Rxb4 f5 39. a5 Ra8 40. Ra4 Ke6 41. a6 bxa6 42. b7 Rb8 43. Rxa6 Rxb7 44. Rxc6+ Kf7 45. Rc5 Rb2+ 46. Kg1 Ke6 47. e4 Rb1+ 48. Kg2 Rb2+ 49. Kg1 Rb1+ 50. Kg2 Rb2+ 51. Kg1 1/2-1/2


[Site "https://www.chess.com"]

[Event "Titled Tuesday Blitz October 18 Late 2022"]
[White "Vlassov, Nikolai"]
[Black "Poliakova, Varvara"]
[WhiteFideId "4103360"]
[BlackFideId "13518313"]
[WhiteElo "2324"]
[BlackElo "1938"]
[Result "1-0"]
[Round "11"]
[TimeControl "180+1"]
[Date "2022.10.18"]
[WhiteClock "0:00:08"]
[BlackClock "0:00:08"]

1. e4 e5 2. Bc4 Nf6 3. d3 d5 4. exd5 Nxd5 5. Nf3 Nc6 6. O-O Be7 7. Re1 O-O 8. Nxe5 Nxe5 9. Rxe5 c6 10. Re1 Bd6 11. Nc3 Nxc3 12. bxc3 Qh4 13. g3 Qh3 14. Qf3 Bg4 15. Qg2 Qh5 16. d4 Bf3 17. Qf1 Rfe8 18. Be3 b5 19. Be2 b4 20. Bxf3 Qxf3 21. c4 c5 22. dxc5 Be5 23. Rab1 Bc3 24. Red1 h5 25. Rd3 h4 26. Bd4 Qf5 27. Bxc3 bxc3 28. Rxc3 Qxc5 29. gxh4 Qd4 30. Rg3 Rac8 31. h3 Rxc4 32. Rg4 Re4 33. Rb8+ Kh7 34. Rxe4 Qxe4 35. Qd3 Qxd3 36. cxd3 Ra4 37. Rb2 Kg6 38. Kg2 Rxh4 39. Rd2 Ra4 40. d4 Kf6 41. Kf3 Ke6 42. Ke4 g6 43. h4 Ra5 44. Kf4 Rf5+ 45. Kg4 Kd5 46. f3 a6 47. Rd1 Rf6 48. Rd2 Rb6 49. h5 gxh5+ 50. Kxh5 Rf6 51. Kg4 Rb6 52. Kf5 Rb4 53. f4 a5 54. Kf6 Rb7 55. f5 a4 56. a3 Rc7 57. Kg7 Ke4 58. f6 Kd5 59. Rd1 Rb7 60. Kf8 Ra7 61. Ke8 Ke6 62. d5+ Kxf6 63. d6 Ra8+ 64. Kd7 Ke5 65. Ke7 f5 66. d7 f4 67. d8=Q Rxd8 68. Kxd8 f3 69. Kc7 Ke4 70. Kb6 Ke3 71. Kb5 Ke2 72. Ra1 f2 73. Kxa4 f1=Q 74. Rxf1 Kxf1 75. Kb5 1-0


[Site "https://www.chess.com"]

[Event "Titled Tuesday Blitz October 18 Late 2022"]
[White "Winkels, Marcel"]
[Black "Sabar, Ethmane Daouda"]
[WhiteFideId "1003887"]
[BlackFideId "19600097"]
[WhiteElo "1900"]
[BlackElo "1950"]
[Result "1-0"]
[Round "11"]
[TimeControl "180+1"]
[Date "2022.10.19"]
[WhiteClock "0:00:12"]
[BlackClock "0:00:03"]

1. e4 c5 2. Nf3 Nc6 3. Bb5 g6 4. O-O Bg7 5. Re1 e5 6. Bxc6 bxc6 7. d3 Ne7 8. Be3 d6 9. Qd2 h6 10. Nc3 Bg4 11. a3 Bxf3 12. gxf3 Qd7 13. Kg2 h5 14. b4 cxb4 15. axb4 f6 16. Reb1 g5 17. b5 Ng6 18. Qe2 Nh4+ 19. Kh1 Qh3 20. Rg1 Nxf3 21. Rg2 Nh4 22. Rg3 Qd7 23. bxc6 Qxc6 24. Nd5 Kf7 25. Rxa7+ Rxa7 26. Bxa7 Ra8 27. Qxh5+ Kf8 28. Be3 Ra1+ 29. Rg1 Rxg1+ 30. Kxg1 Qxc2 31. h3 Qxd3 32. Qg4 Qb1+ 33. Kh2 Qf1 34. Nc7 Kf7 35. Qe6+ Kg6 36. Qg4 Qc4 37. Ne6 f5 38. Qxg5+ Kf7 39. Nxg7 Qxe4 40. Qxh4 Kxg7 41. Qxe4 fxe4 42. Bb6 d5 43. Bd8 Kg6 44. Kg2 Kf5 45. Kf1 d4 46. Ke2 Kf4 47. h4 d3+ 48. Kd2 Kf3 49. Bb6 Kg4 50. Bd8 Kf3 51. Bg5 1-0


[Site "https://www.chess.com"]

[Event "Titled Tuesday Blitz October 18 Late 2022"]
[White "Yurtseven, Melih"]
[Black "Gubajdullin, Alexei"]
[WhiteFideId "6312160"]
[BlackFideId "4141202"]
[WhiteElo "2218"]
[BlackElo "2200"]
[Result "0-1"]
[Round "11"]
[TimeControl "180+1"]
[Date "2022.10.19"]
[WhiteClock "0:00:03"]
[BlackClock "0:00:20"]

1. b4 Nf6 2. Bb2 g6 3. c4 Bg7 4. g3 O-O 5. Bg2 d6 6. Nf3 e5 7. O-O Nc6 8. b5 Ne7 9. d3 Bg4 10. c5 Qd7 11. cxd6 cxd6 12. Ba3 Rfd8 13. Re1 Bh3 14. Bh1 Qxb5 15. Nc3 Qa5 16. Qb3 Be6 17. Qb2 e4 18. Nd4 Ng4 19. Nxe4 Bxd4 20. Qxd4 Qxa3 21. h3 d5 22. Ng5 Nh6 23. Nxe6 fxe6 24. Qe3 Nf7 25. Qxe6 Qd6 26. Qg4 Rac8 27. Rab1 b6 28. a4 Rc2 29. a5 bxa5 30. Qa4 Rdc8 31. Qxa5 Qc5 32. Qa6 Rf8 33. Qe6 Kg7 34. Rb7 Re8 35. Bf3 Qd6 36. Qe3 d4 37. Qe4 Ng5 38. Qg4 Nxf3+ 39. Qxf3 Rc7 40. Reb1 Rf8 41. Qe4 Rf7 42. f4 Nf5 43. g4 Ne3 44. Rxc7 Rxc7 45. Rb8 Rf7 46. Qe8 Qxf4 47. Qh8+ Kh6 48. g5+ Qxg5+ 0-1


[Site "https://www.chess.com"]

[Event "Titled Tuesday Blitz October 18 Late 2022"]
[White "Zakaryan, David"]
[Black "Koziorowicz, Michal"]
[WhiteFideId "24101923"]
[BlackFideId "21809194"]
[WhiteElo "2409"]
[BlackElo "2220"]
[Result "0-1"]
[Round "11"]
[TimeControl "180+1"]
[Date "2022.10.18"]
[WhiteClock "0:00:02"]
[BlackClock "0:00:04"]

1. e4 c5 2. Nf3 d6 3. d4 cxd4 4. Nxd4 Nf6 5. Nc3 g6 6. Be3 Bg7 7. f3 O-O 8. Qd2 Nc6 9. O-O-O d5 10. exd5 Nxd5 11. Nxc6 bxc6 12. Bd4 Bxd4 13. Qxd4 Qb6 14. Na4 Qa5 15. b3 Qc7 16. Bc4 Rd8 17. Kb1 Bf5 18. Bxd5 cxd5 19. Qc5 Rac8 20. Qxc7 Rxc7 21. Rd2 h5 22. Re1 Rdc8 23. Ree2 e5 24. Rxe5 Rxc2 25. Rxc2 Bxc2+ 26. Kb2 Bf5 27. Re2 d4 28. Rd2 Kg7 29. Ka3 d3 30. Nb2 Rc2 31. Nc4 Rc1 32. Nd6 Be6 33. Ne4 Re1 34. Rxd3 Bf5 35. Rd4 Re2 36. Rd2 Re1 37. Nd6 Be6 38. Nb5 Re5 39. Kb4 a6 40. Nc7 a5+ 41. Ka4 Bf5 42. Nb5 g5 43. Kxa5 g4 44. fxg4 hxg4 45. a4 Be6 46. Kb4 f5 47. Nd4 Bc8 48. g3 Re4 49. Kc5 Re3 50. b4 Kf6 51. b5 Ra3 52. Kb4 Ra1 53. a5 Ke5 54. Nc6+ Ke4 55. Rd8 Bb7 56. Rd7 Bc8 57. Rc7 Be6 58. a6 Kf3 59. a7 Kg2 60. Rh7 Bd5 61. Kc5 Bf3 62. Nd4 Be4 63. b6 Ra2 64. Kd6 Ra1 65. Ke6 Ra4 66. Nxf5 Bf3 67. Nh4+ Kg1 0-1


[Site "https://www.chess.com"]

[Event "Titled Tuesday Blitz October 18 Late 2022"]
[White "Zou, Chen"]
[Black "Eljanov, Pavel"]
[WhiteFideId "8610959"]
[BlackFideId "14102951"]
[WhiteElo "2325"]
[BlackElo "2601"]
[Result "1-0"]
[Round "11"]
[TimeControl "180+1"]
[Date "2022.10.18"]
[WhiteClock "0:00:04"]
[BlackClock "0:00:06"]

1. d4 d5 2. c4 c6 3. Nf3 Nf6 4. Nc3 a6 5. c5 Bf5 6. Bf4 Nbd7 7. h3 e6 8. e3 Be7 9. Be2 O-O 10. O-O Ne4 11. Nxe4 Bxe4 12. b4 Bxf3 13. Bxf3 Bf6 14. Bd6 Re8 15. e4 dxe4 16. Bxe4 Be7 17. Bg3 Nf6 18. Bc2 Nd5 19. a3 Bf6 20. Re1 g6 21. Qd3 Qd7 22. Rad1 Rad8 23. Bb3 Bg7 24. Bd6 Ne7 25. g4 Nc8 26. Be5 Qe7 27. Qg3 Rd7 28. Bxg7 Kxg7 29. d5 cxd5 30. Rxd5 Rxd5 31. Bxd5 Na7 32. Bg2 Nb5 33. Rd1 e5 34. Rd5 Nd4 35. Kh1 Ne2 36. Qe3 Nf4 37. Rd6 Qh4 38. Bxb7 Nxh3 39. Qg3 Qh6 40. g5 Nxg5+ 41. Kg2 e4 42. c6 e3 43. c7 e2 44. Qc3+ Kf8 45. c8=Q e1=Q 46. Qh8+ 1-0